Map: Ruins of Seras

Players

Javert

  • Race: Zerg Zerg
  • League: Platinum

Chrono - Winner!

  • Race: Protoss Protoss
  • League: Gold

VOD

Have the link to the VOD?

Description

Time

  • Played on: Aug. 13, 2015, 8:42 p.m.
  • Length: 9:37
Show
View Real Time Build Order
Export as new Build Order

Javert Zerg 

Build Orders: Hatch First 

Get SALT Encoding   

  12  0:01  Drone  
  13  0:12  Overlord  
  13  0:20  Drone  
  14  0:31  Drone x2  
  16  0:36  Drone  
  17  0:47  Drone  
  18  1:01  Hatchery  
  17  1:04  Drone  
  17  1:05  Extractor  
  17  1:11  Drone  
  18  1:25  Drone, Spawning Pool  
  18  1:30  Drone  
  19  1:40  Drone  
  20  2:00  Drone  
  21  2:07  Hatchery  
  20  2:12  Metabolic Boost  
  20  2:25  Drone  
  20  2:26  Drone x4  
  25  2:35  Overlord  
  25  2:50  Queen  
  27  2:53  Queen  
  29  3:00  Drone x4  
  33  3:06  Overlord  
  33  3:13  Overlord  
  32  3:22  Queen  
  32  3:23  Overlord  
  34  3:39  Zergling x12  
  40  3:43  Drone x2  
  42  3:50  Roach Warren  
  41  3:56  Drone x3  
  44  4:15  Drone x4  
  44  4:16  Drone x7  
  55  4:26  Overlord  
  54  4:36  Drone x3  
  54  4:37  Drone x2  
  58  4:39  Lair  
  58  4:41  Extractor x2  
  54  4:58  Extractor  
  54  4:59  Drone x7  
  63  5:00  Drone x3  
  63  5:01  Evolution Chamber x2  
  61  5:13  Overlord x2  
  61  5:17  Extractor  
  61  5:18  Extractor  
  61  5:19  Overlord x2  
  59  5:30  Zerg Ground Armor Level 1  
  59  5:33  Drone  
  59  5:34  Drone x9  
  69  5:51  Spire  
  69  5:56  Overlord x2  
  68  6:16  Roach x7  
  72  6:44  Queen  
  68  7:06  Mutalisk x3  
  68  7:07  Mutalisk x9  
  88  7:27  Queen  
  90  7:30  Extractor  
  90  7:33  Extractor  
  90  7:35  Mutalisk  
  90  7:36  Mutalisk  
  90  7:37  Hatchery  
  91  7:39  Drone x12  
  91  7:41  Extractor  
  102  7:56  Hydralisk Den  
  102  7:57  Drone  
  102  7:58  Drone x3  
  105  8:06  Hydralisk Den  
  104  8:13  Queen  
  104  8:14  Drone  
  104  8:15  Drone x6  
  113  8:28  Hatchery  
  113  8:32  Drone  
  113  8:33  Drone x6  
  120  8:41  Drone  
  120  8:42  Drone  
  120  8:44  Roach Warren  
  120  8:47  Drone  
  120  8:48  Drone, Overlord x2  
  122  8:58  Zergling x2  
  122  8:59  Zergling x10  
  128  9:04  Overlord  
  128  9:06  Hydralisk x3  
  134  9:16  Roach x5  
Show
View Real Time Build Order
Export as new Build Order

Chrono Protoss - Winner!

Build Orders:  

Get SALT Encoding   

  12  0:01  Probe  
  13  0:20  Probe  
  14  0:23  Pylon  
  14  0:41  Probe (Chrono Boost)  
  15  0:51  Probe (Chrono Boost)  
  16  0:58  Probe  
  17  1:06  Nexus  
  17  1:10  Probe (Chrono Boost)  
  18  1:22  Gateway  
  18  1:27  Pylon  
  18  1:29  Probe  
  19  1:45  Probe  
  20  1:48  Assimilator x2  
  20  1:59  Forge  
  20  2:06  Probe (Chrono Boost)  
  21  2:18  Probe (Chrono Boost)  
  21  2:20  Zealot  
  25  2:24  Probe (Chrono Boost)  
  25  2:26  Probe (Chrono Boost)  
  26  2:33  Probe  
  27  2:44  Photon Cannon  
  27  2:54  Pylon  
  27  2:55  Probe x2  
  29  3:04  Cybernetics Core  
  29  3:07  Probe x2  
  31  3:19  Probe (Chrono Boost)  
  32  3:21  Protoss Ground Weapons Level 1  
  32  3:22  Probe (Chrono Boost)  
  32  3:26  Pylon  
  33  3:32  Probe (Chrono Boost)  
  34  3:38  Probe (Chrono Boost)  
  35  3:43  Warp Gate (Chrono Boost)  
  35  3:45  Mothership Core (Chrono Boost)  
  37  3:49  Probe (Chrono Boost)  
  37  3:53  Robotics Facility  
  37  3:55  Assimilator  
  38  3:56  Assimilator  
  38  4:01  Probe (Chrono Boost)  
  38  4:02  Zealot  
  41  4:05  Probe (Chrono Boost)  
  41  4:17  Pylon  
  41  4:21  Gateway x2, Probe  
  42  4:25  Probe  
  43  4:32  Zealot  
  43  4:33  Probe  
  43  4:38  Probe  
  47  4:45  Probe  
  47  4:48  Warp Prism (Chrono Boost)  
  51  4:53  Probe (Chrono Boost)  
  51  4:57  Probe (Chrono Boost)  
  51  4:59  Zealot  
  56  5:07  Probe x2 (Chrono Boost)  
  56  5:11  Gateway  
  56  5:13  Gateway  
  56  5:15  Probe  
  56  5:16  Pylon  
  57  5:25  Observer (Chrono Boost)  
  58  5:31  Protoss Ground Armor Level 1 (Chrono Boost)  
  58  5:47  Observer  
  58  5:49  Probe  
  60  5:53  Probe  
  61  5:59  Gateway  
  61  6:00  Gateway  
  61  6:01  Nexus  
  61  6:06  Zealot x2  
  61  6:07  Zealot  
  67  6:27  Pylon  
  67  6:29  Sentry x2, Pylon  
  71  6:33  Probe  
  71  6:34  Sentry  
  71  6:35  Twilight Council  
  72  6:47  Zealot x2  
  72  6:54  Zealot x2  
  72  7:06  Stalker  
  74  7:08  Pylon  
  74  7:12  Stalker x2, Observer  
  74  7:13  Stalker x2  
  79  7:37  Blink (Chrono Boost)  
  79  7:38  Probe x3  
  79  7:40  Stalker  
  79  7:41  Stalker x5  
  79  7:42  Stalker  
  96  7:47  Photon Cannon  
  96  7:49  Photon Cannon  
  96  7:50  Probe (Chrono Boost)  
  97  7:56  Probe x2 (Chrono Boost)  
  97  8:04  Probe (Chrono Boost)  
  98  8:09  Warp Prism  
  100  8:14  Stalker  
  100  8:15  Stalker x5  
  106  8:36  Pylon  
  106  8:46  Pylon  
  106  8:48  Pylon  
  106  8:50  Pylon  
  106  8:58  Stalker  
  106  8:59  Stalker x3  
  114  9:05  Pylon  
  114  9:06  Pylon  
  116  9:10  Pylon  
Tags
 
Add a new tag
Caveats
  • Supply blocks, unpowered buildings, or Contaminate may cause inaccurate times.
  • Supply counts are checked every 10 seconds.